 Dungeon Crawl Stone Soup version 0.24.1-14-gf8d2b509d9 (webtiles) character file.

Game seed: 290987965769635000, levelgen mode: deterministic

155 Mrkan the Ruffian (level 5, 0/78 HPs)
             Began as a Troll Monk on May 16, 2020.
             Was a Believer of Trog.
             Killed by divine providence
             ... invoked by an orc priest
              (11 damage)
             ... on level 4 of the Dungeon.
             The game lasted 00:04:24 (2563 turns).

Mrkan the Ruffian (Troll Monk)                      Turns: 2563, Time: 00:04:24

Health: 0/78       AC:  7    Str: 25    XL:     5   Next: 14%
Magic:  4/4        EV: 10    Int:  6    God:    Trog [**....]
Gold:   102        SH:  0    Dex: 12    Spells: 4/4 levels left

rFire    . . .     SeeInvis .     - Unarmed
rCold    . . .     Gourm    +   (no shield)
rNeg     . . .     Faith    .   a - +0 robe
rPois    .         Spirit   .   c - +1 hat
rElec    .         Reflect  .   (no cloak)
rCorr    .         Harm     .   (gloves unavailable)
MR       ++...                  (boots unavailable)
Stlth    ..........             (no amulet)
HPRegen  1.63/turn              (no ring)
MPRegen  0.09/turn              (no ring)

@: berserking, flying, regenerating, very quick
A: large, unfitting armour, claws 3, fast metabolism 3, gourmand, regeneration
1, shaggy fur 1, tough skin 3
a: Berserk, Trog's Hand, Renounce Religion


You were on level 4 of the Dungeon.
You worshipped Trog.
Trog was pleased with you.
You were full.

You visited 1 branch of the dungeon, and saw 4 of its levels.

You collected 102 gold pieces.

Inventory:

Missiles
 h - a throwing net
 i - 40 poisoned darts (quivered)
 p - 115 stones
 s - 7 javelins
Armour
 a - a +0 robe (worn)
 c - a +1 hat (worn)
Jewellery
 k - an uncursed ring of fire {unknown}
 t - a +4 ring of evasion
Scrolls
 f - 4 scrolls of identify {unknown}
 g - 2 scrolls of enchant armour {unknown}
 j - 2 scrolls of fog {unknown}
 l - a scroll of magic mapping {unknown}
 n - 2 scrolls of random uselessness {unknown}
 o - a scroll of remove curse {unknown}
 q - 4 scrolls of teleportation {unknown}
Potions
 d - a potion of haste {unknown}
 e - a potion of flight
 m - 2 potions of brilliance {unknown}
 r - a potion of curing {unknown}
Comestibles
 b - 4 rations


   Skills:
 + Level 2.8 Fighting
 - Level 2.4 Dodging
 - Level 1.0 Stealth
 * Level 5.6 Unarmed Combat


You had 4 spell levels left.
You didn't know any spells.
Your spell library was empty.

Dungeon Overview and Level Annotations

Branches:
Dungeon (4/15)
 Temple: D:4-7

Altars:
Kikubaaqudgha
Trog
Uskayaw


Innate Abilities, Weirdness & Mutations

You are too large for most types of armour.
You have claws for hands.
Your metabolism is lightning-fast.
You like to eat raw meat.
Your natural rate of healing is unusually fast.
You are covered in fur. (AC +1)
You have extremely tough skin. (AC +3)


Message History

Your skin crawls.
You feel resistant to hostile enchantments.
You feel somewhat less full. The adder barely misses you. The adder bites you.
* * * LOW HITPOINT WARNING * * *
A red film seems to cover your vision as you go berserk!
You feel yourself moving faster!
You feel mighty!
You feel a lot less full. The adder bites you.
* * * LOW HITPOINT WARNING * * *
You scratch the adder.
The adder is lightly wounded.
The adder closely misses you.
The orc priest calls down the wrath of Beogh upon you.
Beogh smites you!
* * * LOW HITPOINT WARNING * * *
You claw the adder!
You kill the adder!
Trog accepts your kill.
The orc priest calls down the wrath of Beogh upon you.
Beogh smites you!
You die...

##########
.........###########
#<.oolo@.:...#
#..#########.#
#...........
#.........##
......!##.#.#
..##...... ## . .
###....# ....##
..##.


You could see an orc priest, 2 orcs and a frilled lizard.

Vanquished Creatures
  2 orc wizards (D:4)
  5 adders
  A worm (D:3)
  2 dart slugs
  An orc (D:3)
  2 ball pythons (D:3)
  4 giant cockroaches
  7 hobgoblins
  A quokka (D:2)
  5 bats
  8 goblins
  5 kobolds
  8 rats
51 creatures vanquished.

Notes
Turn   | Place    | Note
-------+----------+-------------------------------------------
     0 | D:1      | Mrkan the Troll Monk began the quest for the Orb.
     0 | D:1      | Reached XP level 1. HP: 22/22 MP: 0/0
   171 | D:1      | Reached XP level 2. HP: 29/29 MP: 1/1
   959 | D:2      | Found a hide-covered altar of Uskayaw.
   959 | D:2      | Found a bloodstained altar of Trog.
   977 | D:2      | Became a worshipper of Trog the Wrathful
   977 | D:2      | Reached * piety under Trog
   977 | D:2      | Reached ** piety under Trog
  1125 | D:2      | Reached skill level 4 in Unarmed Combat
  1125 | D:2      | Reached XP level 3. HP: 36/36 MP: 2/2
  1173 | D:2      | Found an ancient bone altar of Kikubaaqudgha.
  1790 | D:3      | Found a faded altar of an unknown god.
  2057 | D:3      | Reached XP level 4. HP: 44/44 MP: 3/3
  2144 | D:3      | Reached skill level 5 in Unarmed Combat
  2557 | D:4      | Reached XP level 5. HP: 11/52 MP: 4/4
  2563 | D:4      | Killed from afar by an orc priest

Levels and vault maps discovered:
D:1:      onia_arrival_mini_maze_b, layout_loops_ring, minmay_stone_trees_small,
          minmay_misc_feat_tiny
D:2:      layout_basic, lemuel_crystal_altar, grunt_temple_overflow_open,
          st_stairs_9, serial_bayou_lake_a
D:3:      layout_basic, first_ration, chequers_ecumenical_altar_island
D:4:      layout_loops_ring, cheibrodos_ashenzari_chains, uniq_duvessa,
          uniq_menkaure

Skill      XL: |  1  2  3  4 |
---------------+-------------+-----
Unarmed Combat | 4 5 |  5.6
Fighting       | |  2.8
Dodging        | |  2.4
Stealth        | |  1.0

Action                   |  1- 3 |  4- 6 || total
-------------------------+-------+-------++-------
Melee: Unarmed           |    96 |    53 ||   149
       Punch             |     1 |       ||     1
Invok: Berserk           |       |     1 ||     1
       Trog's Hand       |       |     1 ||     1
  Use: Potion            |       |     1 ||     1
 Stab: Sleeping          |     9 |     3 ||    12
  Eat: Chunk             |    16 |     7 ||    23
       Ration            |     1 |       ||     1
Armor: Robe              |    32 |    17 ||    49
Dodge: Dodged            |    49 |    12 ||    61
